A- SE
FORT MYERS MIGHTY MUSSELS @ CLEARWATER THRESHERS
05/12/2042
 
TOP OF THE 1ST
Fort Myers Mighty Mussels batting - Pitching for Clearwater Threshers : RHP Dave Thomas
Pitching: RHP Dave Thomas
Batting: RHB Jeremy Hoffman 0-0: Ball
1-0: DOUBLE (Groundball, 5L, EV 95.0 MPH)
Batting: LHB Caden Montgomery 0-0: Ball
1-0: Ball
2-0: Ball
3-0: Base on Balls
Batting: RHB Benny Armstrong 0-0: SINGLE (Line Drive, 9LS, EV 110.0 MPH)
Jeremy Hoffman to third
Caden Montgomery to second
Runner from 3rd tries for Home, throw by RF and OUT! 9-2
Caden Montgomery to third
Benny Armstrong to second
Batting: RHB Steve Walton 0-0: Ball
1-0: Ground out 6-3 (Groundball, 6S, EV 92.5 MPH)
Caden Montgomery scores
Benny Armstrong to third
Batting: SHB Josh Brooks 0-0: Ball
1-0: Ball
2-0: Ground out 4-3 (Groundball, 4S, EV 90.0 MPH)
Top of the 1st over - 1 run, 2 hits, 0 errors, 1 left on base; Fort Myers 1 - Clearwater 0
BOTTOM OF THE 1ST
Clearwater Threshers batting - Pitching for Fort Myers Mighty Mussels : RHP Joe Ross
Pitching: RHP Joe Ross
Batting: RHB Dave Lee 0-0: Ball
1-0: Called Strike
1-1: Foul Ball, location: 9LSF
1-2: SINGLE (Groundball, 6MS, EV 63.1 MPH) (infield hit)
Batting: LHB Jeff Hall 0-0: Foul Ball, location: 9LSF
0-1: Ball
1-1: Sac Bunt to 15S - play at first, batter OUT! 1-3
Dave Lee to second
Batting: LHB Goffredo Bollati 0-0: SINGLE (Groundball, 4MD, EV 100.0 MPH)
Dave Lee to third
Runner from 3rd tries for Home, SAFE, throw by CF to home
Batting: RHB Joe Newton 0-0: Called Strike
0-1: Ball
1-1: Ball
2-1: Ball
3-1: Foul Ball, location: 25FF
3-2: Foul Ball, location: 2F
3-2: Base on Balls
Goffredo Bollati to second
Batting: RHB Kevin Coffey 0-0: Ball
1-0: Ball
2-0: Called Strike
2-1: Fly out, F8 (Flyball, 8LD, EV 105.0 MPH)
Batting: RHB Ken Taváres 0-0: Swinging Strike
0-1: Fly out, F9 (Flyball, 9, EV 80.6 MPH)
Bottom of the 1st over - 1 run, 2 hits, 0 errors, 2 left on base; Fort Myers 1 - Clearwater 1
TOP OF THE 2ND
Fort Myers Mighty Mussels batting - Pitching for Clearwater Threshers : RHP Dave Thomas
Batting: RHB Aarão Benchimol 0-0: Called Strike
0-1: Fly out, F8 (Line Drive, 78M, EV 93.8 MPH)
Batting: SHB Eric Clark 0-0: Ball
1-0: Called Strike
1-1: Ball
2-1: Called Strike
2-2: Ball
3-2: DOUBLE (Groundball, 5L, EV 108.1 MPH)
Batting: RHB Dave McCormick 0-0: Fly out, F3 (Popup, 3SF, EV 78.1 MPH)
Batting: LHB Jeff Whitney 0-0: Fly out, F7 (Flyball, 7D, EV 75.6 MPH)
Top of the 2nd over - 0 runs, 1 hit, 0 errors, 1 left on base; Fort Myers 1 - Clearwater 1
BOTTOM OF THE 2ND
Clearwater Threshers batting - Pitching for Fort Myers Mighty Mussels : RHP Joe Ross
Batting: RHB Sergio Calderón 0-0: Swinging Strike
0-1: Foul Ball, location: 2F
0-2: Strikes out swinging
Batting: RHB Duane Dotson 0-0: Ball
1-0: Foul Ball, location: 9LSF
1-1: Foul Ball, location: 9LMF
1-2: Strikes out looking
Batting: LHB Romaric Ray 0-0: Called Strike
0-1: Ball
1-1: Fly out, F4 (Popup, 13, EV 82.5 MPH)
Bottom of the 2nd over - 0 runs, 0 hits, 0 errors, 0 left on base; Fort Myers 1 - Clearwater 1
TOP OF THE 3RD
Fort Myers Mighty Mussels batting - Pitching for Clearwater Threshers : RHP Dave Thomas
Batting: RHB Jeremy Hoffman 0-0: Foul Ball, location: 3SF
0-1: Swinging Strike
0-2: Ball
1-2: Ground out 6-3 (Groundball, 6, EV 85.0 MPH)
Batting: LHB Caden Montgomery 0-0: Called Strike
0-1: Foul Ball, location: 2F
0-2: Ground out 4-3 (Groundball, 4M, EV 87.5 MPH)
Batting: RHB Benny Armstrong 0-0: Ball
1-0: Called Strike
1-1: Ball
2-1: Ball
3-1: Swinging Strike
3-2: Ground out 5-3 (Groundball, 56, EV 90.0 MPH)
Top of the 3rd over - 0 runs, 0 hits, 0 errors, 0 left on base; Fort Myers 1 - Clearwater 1
BOTTOM OF THE 3RD
Clearwater Threshers batting - Pitching for Fort Myers Mighty Mussels : RHP Joe Ross
Batting: RHB Dave Lee 0-0: Ball
1-0: Foul Ball, location: 3F
1-1: Called Strike
1-2: Strikes out swinging
Batting: LHB Jeff Hall 0-0: Ball
1-0: Ball
2-0: Foul Ball, location: 25FF
2-1: Ball
3-1: Base on Balls
Batting: LHB Goffredo Bollati 0-0: Foul Ball, location: 9LMF
0-1: Ball
1-1: Foul Ball, location: 3SF
1-2: Grounds into double play, 4-6-3 (Groundball, 4, EV 85.0 MPH)
Bottom of the 3rd over - 0 runs, 0 hits, 0 errors, 0 left on base; Fort Myers 1 - Clearwater 1
TOP OF THE 4TH
Fort Myers Mighty Mussels batting - Pitching for Clearwater Threshers : RHP Dave Thomas
Batting: RHB Steve Walton 0-0: Called Strike
0-1: Fly out, F8 (Flyball, 89M, EV 99.4 MPH)
Batting: SHB Josh Brooks 0-0: Ball
1-0: Called Strike
1-1: Swinging Strike
1-2: Foul Ball, location: 2F
1-2: Ground out 2-3 (Groundball, 2L, EV 55.0 MPH)
Batting: RHB Aarão Benchimol 0-0: Called Strike
0-1: Ball
1-1: Swinging Strike
1-2: Ball
2-2: Ball
3-2: SINGLE (Flyball, 4D, EV 97.5 MPH)
Batting: SHB Eric Clark 0-0: Called Strike
Aarão Benchimol steals 2nd base
0-1: Ball
1-1: Ball
2-1: Swinging Strike
2-2: Strikes out looking
Top of the 4th over - 0 runs, 1 hit, 0 errors, 1 left on base; Fort Myers 1 - Clearwater 1
BOTTOM OF THE 4TH
Clearwater Threshers batting - Pitching for Fort Myers Mighty Mussels : RHP Joe Ross
Batting: RHB Joe Newton 0-0: Ball
1-0: Ball
2-0: Ball
3-0: Called Strike
3-1: Foul Ball, location: 5DF
3-2: Base on Balls
Batting: RHB Kevin Coffey 0-0: Ball
1-0: Ball
2-0: Foul Ball, location: 9LDF
2-1: Foul Ball, location: 9LMF
2-2: Strikes out looking
Batting: RHB Ken Taváres 0-0: Called Strike
0-1: Ball
1-1: Foul Ball, location: 9LMF
1-2: Strikes out looking
Batting: RHB Sergio Calderón 0-0: Ball
1-0: Swinging Strike
1-1: Foul Ball, location: 9LSF
1-2: Hit by Pitch
Joe Newton to second
Batting: RHB Duane Dotson 0-0: Ball
1-0: Foul Ball, location: 25F
1-1: Called Strike
1-2: Foul Ball, location: 23F
1-2: Strikes out swinging
Bottom of the 4th over - 0 runs, 0 hits, 0 errors, 2 left on base; Fort Myers 1 - Clearwater 1
TOP OF THE 5TH
Fort Myers Mighty Mussels batting - Pitching for Clearwater Threshers : RHP Dave Thomas
Batting: RHB Dave McCormick 0-0: Fly out, F8 (Flyball, 8LM, EV 98.8 MPH)
Batting: LHB Jeff Whitney 0-0: Fly out, F8 (Flyball, 8LD, EV 111.3 MPH)
Batting: RHB Jeremy Hoffman 0-0: Ball
1-0: Called Strike
1-1: Foul Ball, location: 9LMF
1-2: Strikes out looking
Top of the 5th over - 0 runs, 0 hits, 0 errors, 0 left on base; Fort Myers 1 - Clearwater 1
BOTTOM OF THE 5TH
Clearwater Threshers batting - Pitching for Fort Myers Mighty Mussels : RHP Joe Ross
Batting: LHB Romaric Ray 0-0: Ball
1-0: Ground out 4-3 (Groundball, 4, EV 83.1 MPH)
Batting: RHB Dave Lee 0-0: Ground out 6-3 (Groundball, 6, EV 81.3 MPH)
Batting: LHB Jeff Hall 0-0: Ball
1-0: Ball
2-0: SINGLE (Line Drive, 7S, EV 93.1 MPH)
Batting: LHB Goffredo Bollati 0-0: Ball
1-0: Foul Ball, location: 2F
1-1: Foul Ball, location: 7LSF
1-2: Ball
2-2: Strikes out swinging
Bottom of the 5th over - 0 runs, 1 hit, 0 errors, 1 left on base; Fort Myers 1 - Clearwater 1
TOP OF THE 6TH
Fort Myers Mighty Mussels batting - Pitching for Clearwater Threshers : RHP Dave Thomas
Batting: LHB Caden Montgomery 0-0: Swinging Strike
0-1: Called Strike
0-2: Foul Ball, location: 3F
0-2: Ball
1-2: Foul Ball, location: 2F
1-2: Ball
2-2: Strikes out looking
Batting: RHB Benny Armstrong 0-0: Ball
1-0: Ball
2-0: Swinging Strike
2-1: Ball
3-1: SINGLE (Line Drive, 8LS, EV 106.9 MPH)
Batting: RHB Steve Walton 0-0: Called Strike
0-1: Ball
1-1: 2-RUN HOME RUN (Flyball, 7D, EV 103.8 MPH), Distance : 397 ft
Batting: SHB Josh Brooks 0-0: Foul Ball, location: 2F
0-1: Ball
1-1: Swinging Strike
1-2: Ball
2-2: Strikes out swinging
Batting: RHB Aarão Benchimol 0-0: Called Strike
0-1: Swinging Strike
0-2: Foul Ball, location: 2F
0-2: Strikes out swinging
Top of the 6th over - 2 runs, 2 hits, 0 errors, 0 left on base; Fort Myers 3 - Clearwater 1
BOTTOM OF THE 6TH
Clearwater Threshers batting - Pitching for Fort Myers Mighty Mussels : RHP Joe Ross
Batting: RHB Joe Newton 0-0: Ball
1-0: Ball
2-0: Ball
3-0: Base on Balls
Pitching: LHP Josh Hughes
Batting: RHB Kevin Coffey 0-0: SINGLE (Groundball, 4S, EV 66.3 MPH) (infield hit)
Joe Newton to second
Pinch Hitting: RHB Sergio Ledesma 0-0: Foul Ball, location: 3SF
0-1: Ball
1-1: Fly out, F8 (Flyball, 8RD, EV 101.9 MPH)
Pinch Hitting: RHB Shawn Hartley 0-0: Ball
1-0: Ball
2-0: Called Strike
2-1: Called Strike
2-2: Grounds into double play, 6-4-3 (Groundball, 6, EV 84.4 MPH)
Bottom of the 6th over - 0 runs, 1 hit, 0 errors, 1 left on base; Fort Myers 3 - Clearwater 1
TOP OF THE 7TH
Fort Myers Mighty Mussels batting - Pitching for Clearwater Threshers : RHP Dave Thomas
Pitching: RHP Anastasio Castro
Now at 1B: Duane Dotson
Now at 2B: Shawn Hartley
Now in RF: Alfredo Román
Batting: SHB Eric Clark 0-0: Called Strike
0-1: Ball
1-1: Called Strike
1-2: Foul Ball, location: 5SF
1-2: Strikes out swinging
Batting: RHB Dave McCormick 0-0: Swinging Strike
0-1: Called Strike
0-2: Ball
1-2: Ball
2-2: Ball
3-2: Strikes out swinging, 2-3 out at first.
Batting: LHB Jeff Whitney 0-0: Called Strike
0-1: Ball
1-1: Foul Ball, location: 2F
1-2: Ball
2-2: Strikes out swinging
Top of the 7th over - 0 runs, 0 hits, 0 errors, 0 left on base; Fort Myers 3 - Clearwater 1
BOTTOM OF THE 7TH
Clearwater Threshers batting - Pitching for Fort Myers Mighty Mussels : LHP Josh Hughes
Batting: RHB Duane Dotson 0-0: Foul Ball, location: 2F
0-1: Ball
1-1: Swinging Strike
1-2: Foul Ball, location: 5FF
1-2: Strikes out looking
Pinch Hitting: RHB Rob Simmons 0-0: Ball
1-0: Ball
2-0: Called Strike
2-1: Ball
3-1: Fly out, F6 (Popup, P, EV 73.8 MPH)
Batting: RHB Dave Lee 0-0: Swinging Strike
0-1: Swinging Strike
0-2: Strikes out looking
Bottom of the 7th over - 0 runs, 0 hits, 0 errors, 0 left on base; Fort Myers 3 - Clearwater 1
TOP OF THE 8TH
Fort Myers Mighty Mussels batting - Pitching for Clearwater Threshers : RHP Anastasio Castro
Now at 2B: Robinson Manuel
Now at SS: Shawn Hartley
Batting: RHB Jeremy Hoffman 0-0: Ball
1-0: Ball
2-0: Ball
3-0: Called Strike
3-1: Ground out 3-1 (Groundball, 34S, EV 91.3 MPH)
Batting: LHB Caden Montgomery 0-0: Ball
1-0: Called Strike
1-1: Called Strike
1-2: Foul Ball, location: 2F
1-2: Strikes out swinging
Batting: RHB Benny Armstrong 0-0: Called Strike
0-1: Ball
1-1: Ground out U3 (Groundball, 34, EV 97.5 MPH)
Top of the 8th over - 0 runs, 0 hits, 0 errors, 0 left on base; Fort Myers 3 - Clearwater 1
BOTTOM OF THE 8TH
Clearwater Threshers batting - Pitching for Fort Myers Mighty Mussels : LHP Josh Hughes
Pinch Hitting: RHB Rob Coffey 0-0: Ball
1-0: Called Strike
1-1: Foul Ball, location: 2F
1-2: Strikes out looking
Batting: LHB Goffredo Bollati 0-0: Swinging Strike
0-1: Foul Ball, location: 7LSF
0-2: Foul Ball, location: 3FF
0-2: Foul Ball, location: 5F
0-2: Ball
1-2: Fly out, F8 (Flyball, 8RD, EV 98.8 MPH)
Batting: RHB Joe Newton 0-0: Ball
1-0: Called Strike
1-1: Swinging Strike
1-2: Ball
2-2: Foul Ball, location: 9LMF
2-2: Ball
3-2: Fly out, F3 (Popup, 3F, EV 79.4 MPH)
Bottom of the 8th over - 0 runs, 0 hits, 0 errors, 0 left on base; Fort Myers 3 - Clearwater 1
TOP OF THE 9TH
Fort Myers Mighty Mussels batting - Pitching for Clearwater Threshers : RHP Anastasio Castro
Now in LF: Aurelio De Jesús
Batting: RHB Steve Walton 0-0: Ball
1-0: Ground out 6-3 (Groundball, 56, EV 96.3 MPH)
Batting: SHB Josh Brooks 0-0: Called Strike
0-1: Ball
1-1: Foul Ball, location: 9LSF
1-2: Ball
2-2: Strikes out swinging
Batting: RHB Aarão Benchimol 0-0: Ball
1-0: Ball
2-0: Called Strike
2-1: Called Strike
2-2: Ball
3-2: Base on Balls
Batting: SHB Eric Clark 0-0: Called Strike
Aarão Benchimol is caught stealing 2nd base 2-6
Top of the 9th over - 0 runs, 0 hits, 0 errors, 0 left on base; Fort Myers 3 - Clearwater 1
BOTTOM OF THE 9TH
Clearwater Threshers batting - Pitching for Fort Myers Mighty Mussels : LHP Josh Hughes
Pitching: RHP Artie Merrill
Batting: RHB Kevin Coffey 0-0: Ground out 4-3 (Groundball, 4, EV 99.4 MPH)
Pinch Hitting: LHB José Ortíz 0-0: Ball
1-0: Foul Ball, location: 2F
1-1: Swinging Strike
1-2: Strikes out swinging
Batting: RHB Shawn Hartley 0-0: SINGLE (Groundball, 6MD, EV 98.1 MPH)
Pinch Hitting: RHB Danny Snyder 0-0: Ball
1-0: Ball
2-0: Fly out, F6 (Line Drive, 56, EV 68.1 MPH)
Bottom of the 9th over - 0 runs, 1 hit, 0 errors, 1 left on base; Fort Myers 3 - Clearwater 1
Friday, May 3rd , 2024 - OOTP Baseball 24.10 Build 82